cohdb
Replays
Latest Replays
All Replays
Popular Replays
Top Player Replays
Match Explorer
How It Works
Community
CoH3 Stats
Reddit
Sign in to upload your games and track your stats! →
Sign in with Steam
Match 46799759
Unlisted
Match 46799759
Overview
Messages
Build Orders
End
Pioneer Squad
Construct Infanterie Kompanie
Selects Breakthrough Battlegroup
Selects Assault Grenadiers
Grenadier Squad
Grenadier Squad
Grenadier Squad
Grenadier Squad
Infanterie Officer Quarters
Construct Luftwaffe Kompanie
Flak 30 Anti-aircraft Gun Team
Flak 30 Anti-aircraft Gun Team
Support Elements
Wirbelwind Flakpanzer
Wirbelwind Flakpanzer
Jäger Squad
Medical Station
Selects Rapid Production
Selects Blitzkrieg
Selects Panzer IV Command Tank Sd.Kfz. 161/1
UMirinBrah?
Jesulin
0
0
Comments
sign in to comment!
No comments posted yet!